 Dungeon Crawl Stone Soup version 0.31.0-12-g77e489cdc1 (webtiles) character file.

Game seed: 7822538135611351001

1103 monsoonserge the Grappler (level 8, 0/50 HPs)
             Began as an Octopode Shapeshifter on Feb 23, 2024.
             Was an Initiate of Gozag.
             Slain by an ice beast (10 damage)
             ... on level 5 of the Dungeon.
             The game lasted 00:12:29 (4212 turns).

monsoonserge the Grappler (Octopode Shapeshifter)   Turns: 4212, Time: 00:12:31

Health: 0/50       AC:  1    Str: 16    XL:     8   Next: 32%
Magic:  8/8        EV: 12    Int: 12    God:    Gozag
Gold:   472        SH:  8    Dex: 11    Spells: 7/7 levels left

rFire   . .          .
                       - Unarmed
rCold   . . .        d - +0 kite shield
rNeg    . . .        (helmet currently unavailable)
rPois   +            n - amulet "Passur" {RegenMP rPois}
rElec   .            (no ring)
rCorr   .            (no ring)
SInv    .            (no ring)
Will    .....        (no ring)
Stlth   +++          (no ring)
HPRegen 0.28/turn    (no ring)
MPRegen 0.51/turn    (no ring)
                     (no ring)

%: no passive effects
@: beast-form, gold aura
A: beast (slay +2), almost no armour, amphibious, 8 rings, camouflage 1,
gelatinous body 1, (nimble swimmer 1), tentacles
a: Begin Untransformation, Renounce Religion, Potion Petition, Call Merchant,
Bribe Branch


You were on level 5 of the Dungeon.
You worshipped Gozag.
Gozag was aware of your devotion.
You were a hulking beast.
You visited 2 branches of the dungeon, and saw 7 of its levels.

You collected 599 gold pieces.
You spent 62 gold pieces at shops.
You paid 65 gold pieces to Gozag.

Inventory:

Missiles
 o - 8 poisoned darts (quivered)
 u - 4 curare-tipped darts
Armour
 d - a +0 kite shield (worn)
Jewellery
 n - the amulet "Passur" (around mantle) {RegenMP rPois}
   (You found it on level 2 of the Dungeon)

   [amulet of magic regeneration]

   RegenMP:   It increases your rate of magic regeneration.
   rPois:     It protects you from poison
Talismans
 b - a beast talisman
 c - a flux talisman
Wands
 j - a wand of polymorph (13)
Scrolls
 e - 2 scrolls of silence {unknown}
 g - a scroll of summoning {unknown}
 h - 5 scrolls of teleportation {unknown}
 l - 2 scrolls of amnesia {unknown}
 p - 2 scrolls of enchant weapon {unknown}
 q - a scroll of torment {unknown}
 r - a scroll of fear {unknown}
 v - a scroll of enchant armour {unknown}
Potions
 a - a potion of lignification
 f - 3 potions of curing {unknown}
 i - a potion of enlightenment
 k - 3 potions of haste
 m - a potion of magic
 s - a potion of mutation
 t - a potion of attraction {unknown}


   Skills:
 + Level 2.2 Fighting
 - Level 3.0 Dodging
 + Level 3.2 Stealth
 - Level 3.0 Shields
 - Level 8.0 Unarmed Combat
 * Level 4.1 Shapeshifting


You had 7 spell levels left.
You didn't know any spells.
Your spell library contained the following spells:

 Spells                   Type           Power      Damage    Failure   Level
 Sandblast                Erth           0%         2d4       69%         1
 Slow                     Hex            0%         N/A       69%         1
 Sting                    Conj/Alch      0%         1d3       69%         1
 Cigotuvi's Dreadful Rot  Necr/Alch/Air  0%         N/A       83%         2
 Mercury Vapours          Alch/Air       0%         N/A       83%         2
 Confusing Touch          Hex            0%         N/A       96%         3
 Passwall                 Erth           0%         N/A       96%         3
 Sigil of Binding         Hex            0%         N/A       96%         3
 Stone Arrow              Conj/Erth      0%         3d7       96%         3
 Vampiric Draining        Necr           0%         2d6       96%         3
 Brom's Barrelling Bould  Conj/Erth      0%         2d3       100%        4
 Ignite Poison            Fire/Alch      0%         N/A       100%        4
 Olgreb's Toxic Radiance  Alch           0%         N/A       100%        4
 Freezing Cloud           Conj/Ice/Air   0%         6-21      100%        5


Dungeon Overview and Level Annotations

Branches:
Dungeon (6/15)             Temple (1/1) D:4

Altars:
Ashenzari
Cheibriados
Elyvilon
Fedhas
Gozag
Hepliaklqana
Makhleb
Nemelex Xobeh
Qazlal
Ru
Trog
Uskayaw
Vehumet
Wu Jian
Yredelemnul
Zin
The Shining One

Shops:
D:4 *


Innate Abilities, Weirdness & Mutations

You are a hulking beast.
Your limbs bulge with bestial killing power. (Slay +2)
You cannot wear most types of armour.
You are amphibious.
You can wear up to eight rings at the same time.
Your skin changes colour to match your surroundings (Stealth+).
Your rubbery body absorbs attacks. (AC +1, EV +1)
((You are camouflaged when in or above water. (Stealth+)))
You have tentacles for arms and can constrict up to eight enemies at once.


Message History

The orc warrior unwields a +0 glaive.
The orc warrior wields a +0 orcbow.
The orc warrior shoots an arrow.
The arrow hits you.
You see here a scroll of identify.
The iguana barely misses you.
You barely miss the iguana.
The iguana hisses angrily.
You grab the iguana. You squeeze the iguana!
The iguana is severely wounded.
You constrict the iguana. The iguana bites you.
The orc warrior shoots an arrow.
You block the arrow.
You tentacle-slap the iguana but do no damage.
You squeeze the iguana.
You kill the iguana!
The iguana bites you.
The orc warrior shoots an arrow.
The arrow completely misses you.
Aiming: Polymorph
Press: ? - help, Shift-Dir - straight line, f - orc warrior
Aim: an orc warrior, wielding a +0 orcbow and wearing a +0 chain mail (will become a black bear, a scorpion, or a kobold, chance to affect: 49%)
Okay, then.
Unknown command.
You closely miss the iguana. You grab the iguana. You tentacle-slap the iguana.
The iguana is lightly wounded.
You constrict the iguana. The iguana barely misses you.
You bludgeon the ice beast! Your squeeze misses the ice beast.
The ice beast is moderately wounded.
You constrict the iguana. The iguana bites you! The ice beast hits you.
The ice beast freezes you!
The orc warrior shoots an arrow.
The arrow barely misses you.
The arrow closely misses the ice beast.
Aiming: Polymorph
Press: ? - help, Shift-Dir - straight line, f - orc warrior
Aim: an orc warrior, wielding a +0 orcbow and wearing a +0 chain mail (will become a black bear, a scorpion, or a kobold, chance to affect: 49%)
The orc warrior resists with some effort.
You constrict the iguana, but do no damage.
The iguana bites you.
* * * LOW HITPOINT WARNING * * *
The ice beast hits you.
* * * LOW HITPOINT WARNING * * *
The ice beast freezes you!
You die...
Your body crumbles into a pile of gold.

#...#...#...#...#.
#..#...#...#...#..
#.#...#...#...#...
#..#...#...#...#..
#...#...#...#...#.
#.................
###.#...#...#...#...
#.#.Y..#...#...#...#..
##...lh.?#...#..[#...#.
#......$.#..o#...#...#..
#.#####.#...#...#...#B..
Y #..............
#......... .. #.#.######
#[#.# ..#.# .. .#


You could see an orc warrior, an ice beast and an iguana.

Vanquished Creatures
  An ice beast (D:5)
  A centaur (D:5)
  2 ogres
  4 scorpions
  A killer bee (D:5)
  3 jellies
  A bombardier beetle (D:5)
  4 iguanas
  A sleepcap (D:5)
  A gnoll (D:1)
  10 adders
  2 white imps (D:5)
  2 ufetubi (D:6)
  3 dart slugs
  2 ribbon worms (D:2)
  5 orcs
  9 ball pythons
  12 endoplasms
  8 giant cockroaches
  2 hobgoblins (D:1)
  8 jackals
  8 quokkas
  6 bats
  A frilled lizard (D:3)
  7 goblins
  3 kobolds
  8 rats
115 creatures vanquished.

Notes
Turn   | Place    | Note
-------+----------+-------------------------------------------
     0 | D:1      | monsoonserge the Octopode Shapeshifter began the quest for
                  | the Orb.
     0 | D:1      | Reached XP level 1. HP: 13/13 MP: 1/1
    93 | D:1      | Found a faded altar of an unknown god.
   135 | D:1      | Reached XP level 2. HP: 17/18 MP: 2/2
   351 | D:1      | Reached XP level 3. HP: 15/23 MP: 3/3
   493 | D:1      | Reached skill level 4 in Unarmed Combat
   926 | D:2      | Reached XP level 4. HP: 24/28 MP: 4/4
  1105 | D:2      | Reached skill level 1 in Shields
  1120 | D:2      | Identified the amulet "Passur" {RegenMP rPois}
  1356 | D:2      | Reached skill level 1 in Stealth
  1790 | D:3      | Reached XP level 5. HP: 27/33 MP: 5/5
  2280 | D:4      | Found a stormy altar of Qazlal.
  2320 | D:4      | Found a staircase to the Ecumenical Temple.
  2331 | Temple   | Entered the Ecumenical Temple
  2343 | Temple   | Became a worshipper of Gozag Ym Sagoz the Greedy
  2535 | D:4      | Reached skill level 5 in Unarmed Combat
  2727 | D:4      | Found Gokkozi's Serpentskin Sales.
  2740 | D:4      | Reached XP level 6. HP: 31/38 MP: 6/6
  2746 | D:4      | Bought 4 curare-tipped darts for 62 gold pieces
  3025 | D:5      | Entered Level 5 of the Dungeon
  3075 | D:5      | Reached skill level 6 in Unarmed Combat
  3204 | D:5      | Noticed an orc warrior
  3298 | D:6      | Noticed a yak
  3385 | D:6      | Found a radiant altar of Vehumet.
  3454 | D:6      | Reached XP level 7. HP: 28/43 MP: 7/7
  3462 | D:5      | Reached skill level 7 in Unarmed Combat
  3951 | D:5      | Reached XP level 8. HP: 48/49 MP: 8/8
  3972 | D:5      | Reached skill level 8 in Unarmed Combat
  4212 | D:5      | Slain by an ice beast

Illustrated notes

Levels and vault maps discovered:
D:1:      minmay_arrival_semitransparent, layout_basic,
          hellmonk_ecumenical_altar_run_dry, minmay_pentomino_p4
D:2:      layout_loops_ring
D:3:      layout_basic, kennysheep_big_empty_room, kennysheep_generic_room_9
D:4:      layout_cave_pools, mainiacjoe_overflow_boulevard,
          minmay_temple_entry_fiery, guppyfry_shop_venom
D:5:      cheibrodos_fzero, layout_loops_ring, okawaru_metal_pillars_3,
          st_stairs_9, minmay_misc_feat_iff
D:6:      layout_rooms, mainiacjoe_overflow_surrounded_room,
          kennysheep_generic_room_11
Temple:   eino_wide_crystal_templ

Skill      XL: |  1  2  3  4  5  6  7  8 |
---------------+-------------------------+-----
Unarmed Combat | 4 5 6 7 8 |  8.0
Shields        | 1 2 3 |  3.0
Stealth        | 1 2 3 |  3.2
Dodging        | 3 |  3.0
Fighting       | 2 |  2.2
Shapeshifting  | 4 |  4.1

Action                     |  1- 3 |  4- 6 |  7- 9 || total
---------------------------+-------+-------+-------++-------
  Melee: Unarmed           |    73 |   113 |    61 ||   247
         Constrict         |    19 |    23 |     9 ||    51
         Tentacles         |    14 |    13 |    14 ||    41
         Punch             |       |     3 |     5 ||     8
  Evoke: Wand              |       |       |     1 ||     1
    Use: Scroll            |       |     5 |       ||     5
   Stab: Sleeping          |     2 |    15 |     2 ||    19
         Distracted        |       |       |     1 ||     1
 Armour: Skin              |    35 |    44 |    30 ||   109
  Dodge: Dodged            |    36 |    37 |    35 ||   108
  Block: Kite shield       |    17 |    22 |    22 ||    61
